 Dungeon Crawl Stone Soup version 0.29-a0-359-g541a27f54d (webtiles) character file.

Game seed: 286785166325512506

74 zeratav the Shooter (level 4, -2/25 HPs)
             Began as a Deep Elf Hunter on Apr 27, 2022.
             Slain by a scorpion (3 damage)
             ... on level 3 of the Dungeon.
             The game lasted 00:02:29 (1964 turns).

zeratav the Shooter (Deep Elf Hunter)               Turns: 1964, Time: 00:02:30

Health: -2/25      AC:  3    Str:  8    XL:     4   Next: 9%
Magic:  6/6        EV: 12    Int: 14    God:
Gold:   193        SH:  0    Dex: 20    Spells: 3/3 levels left

rFire   . . .      SeeInvis .   a - +1 shortbow {bow}
rCold   . . .      Faith    .   (shield currently unavailable)
rNeg    . . .      Spirit   .   b - +0 leather armour
rPois   .          Reflect  .   (no helmet)
rElec   .          Harm     .   (no cloak)
rCorr   .          Rampage  .   (no gloves)
Will    .....                   (no boots)
Stlth   ++........              (no amulet)
HPRegen 0.08/turn               (no ring)
MPRegen 0.10/turn               (no ring)

@: lethally poisoned (-2 -> -15)
A: no striking features
a: no special abilities


You were on level 3 of the Dungeon.
You visited 1 branch of the dungeon, and saw 3 of its levels.

You collected 193 gold pieces.


   Skills:
 - Level 1.5 Fighting
 + Level 7.5 Bows
 - Level 2.4 Dodging
 - Level 1.2 Stealth


You had 3 spell levels left.
You didn't know any spells.
Your spell library was empty.

Inventory:

Hand Weapons
 a - a +1 shortbow (weapon) {bow}
Armour
 b - a +0 leather armour (worn)
 o - a +0 robe
   (You found it on level 3 of the Dungeon)
 p - a +0 robe
   (You found it on level 3 of the Dungeon)
Jewellery
 k - a ring of wizardry
   (You found it on level 2 of the Dungeon)
Scrolls
 c - 2 scrolls of immolation {!r!r}
 f - 2 scrolls of enchant weapon {unknown}
 g - a scroll of magic mapping {unknown}
 h - 5 scrolls of identify {unknown}
 i - a scroll of fog {unknown}
 j - 4 scrolls of teleportation {unknown}
Potions
 d - a potion of heal wounds {unknown}
 e - 4 potions of curing {unknown}
 l - a potion of mutation {unknown}
 m - a potion of brilliance {unknown}
 n - 2 potions of might {unknown}

Dungeon Overview and Level Annotations

Branches:
Dungeon (3/15)

Altars:
Elyvilon
Trog

#....Y...# #..#
#.#.###### ....[. #.#
#..## #.# #..## #.#
########### #... ..#
#.........# #.. ..#
#.#######.# #†######.#
#.#######.###@s......
#.#..............###.
#.#.#.###.###.##.###.#.
#.....# #.##...#......#
#...#####.#..........#
##
#........<##...#####.#
.# ##..#####.###.## .#
#........# #.. .#
###.###### #.#


You could see a scorpion.


Message History

No target in view!
No target in view!
No target in view!
A frilled lizard comes into view.
A frilled lizard is nearby!
You shoot an arrow. The arrow hits the frilled lizard.
You kill the frilled lizard!
No target in view!
No target in view!
No target in view!
No target in view!
No target in view!
You see here a rat corpse.
You see here a frilled lizard corpse.
You enter the shallow water.
Moving in this stuff is going to be slow.
e - 4 black potions (gained 1)
You see here a +0 rapier {short}.
o - a +0 robe You open the door.
There is an open door here.
You now have 149 gold pieces (gained 16).
You open the door.
There is an open door here.
n - 2 bubbling silvery potions (gained 1)
An ice beast comes into view.
There is an open door here.
There is an open door here.
You open the door.
There is an open door here.
There is a stone staircase leading up here.
You climb upwards.
There is a stone staircase leading down here.
There is an open door here.
There is a stone staircase leading down here.
You climb downwards.
There is a stone staircase leading up here.
You now have 161 gold pieces (gained 12).
p - a +0 robe You now have 181 gold pieces (gained 20).
Found a stone staircase leading up.
A giant cockroach comes into view.
You shoot an arrow. The arrow hits the giant cockroach.
You shoot an arrow.
The arrow closely misses the giant cockroach.
You shoot an arrow.
The arrow barely misses the giant cockroach.
You shoot an arrow. The arrow hits the giant cockroach.
You kill the giant cockroach!
No target in view!
You now have 193 gold pieces (gained 12).
A scorpion comes into view.
You shoot an arrow.
The arrow hits the scorpion but does no damage.
You shoot an arrow. The arrow hits the scorpion!
Shoot: a) +1 shortbow {bow}
Press: ? - help, Q - select action Shift-Dir - straight line, f/p - scorpion
Aim: a scorpion (moderately wounded, 66% to hit)
You shoot an arrow.
The arrow hits the scorpion but does no damage.
Shoot: a) +1 shortbow {bow}
Press: ? - help, Q - select action Shift-Dir - straight line, f/p - scorpion
Aim: a scorpion (moderately wounded, 66% to hit)
You shoot an arrow.
The arrow hits the scorpion but does no damage.
The scorpion stings you.
HP[-5]
You take 5 damage, and now have 20/25 hp.
Shoot: a) +1 shortbow {bow}
Press: ? - help, Q - select action Shift-Dir - straight line, f/p - scorpion
Aim: a scorpion (moderately wounded, 66% to hit)
You shoot an arrow.
The arrow hits the scorpion but does no damage.
The scorpion stings you.
You are lethally poisoned!
The scorpion poisons you! The scorpion stings you.
You are more poisoned.
The scorpion poisons you!
HP[-7]
You take 7 damage, and now have 13/25 hp.
MASSIVE DAMAGE!! (PAUSE) Shoot: a) +1 shortbow {bow}
Press: ? - help, Q - select action Shift-Dir - straight line, f/p - scorpion
Aim: a scorpion (moderately wounded, 66% to hit)
You shoot an arrow. The arrow hits the scorpion.
* * * LOW HITPOINT WARNING * * *
You feel very sick. The scorpion stings you.
* * * LOW HITPOINT WARNING * * *
HP[-7]
You take 7 damage, and now have 6/25 hp.
MASSIVE DAMAGE!! (PAUSE) Shoot: a) +1 shortbow {bow}
Press: ? - help, Q - select action Shift-Dir - straight line, f/p - scorpion
Aim: a scorpion (heavily wounded, 66% to hit)
You shoot an arrow. The arrow hits the scorpion.
* * * LOW HITPOINT WARNING * * *
You feel very sick. The scorpion stings you.
You die...

Skill      XL: |  1  2  3 |
---------------+----------+-----
Bows           | 6 7 |  7.5
Fighting       | |  1.5
Dodging        | |  2.4
Stealth        | |  1.2

Action                   |  1- 3 |  4- 6 || total
-------------------------+-------+-------++-------
 Fire: Shortbow          |    93 |    18 ||   111
Armor: Leather armour    |     5 |       ||     5
Dodge: Dodged            |    17 |     3 ||    20

Levels and vault maps discovered:
D:1:      ncdulo_lavacross, layout_rooms, ebering_ecumenical_altar_rust,
          minmay_misc_feat_diagonals, serial_bayou_lake_a
D:2:      layout_basic, basic_altar, minmay_pentomino_o2
D:3:      layout_loops_corners, nicolae_elyvilon_peaceful_grove

Notes
Turn   | Place    | Note
-------+----------+-------------------------------------------
     0 | D:1      | zeratav the Deep Elf Hunter began the quest for the Orb.
     0 | D:1      | Reached XP level 1. HP: 12/12 MP: 3/3
     0 | D:1      | magus.rc [v1.9.6]
    91 | D:1      | Reached XP level 2. HP: 16/16 MP: 4/4
   109 | D:1      | Reached skill level 6 in Bows
   230 | D:1      | Found a faded altar of an unknown god.
   787 | D:2      | Reached XP level 3. HP: 20/20 MP: 5/5
   858 | D:2      | Reached skill level 7 in Bows
   925 | D:2      | Found a bloodstained altar of Trog.
  1426 | D:2      | Reached XP level 4. HP: 25/25 MP: 6/6
  1559 | D:3      | Found a white marble altar of Elyvilon.
  1735 | D:3      | Noticed an ice beast
  1957 | D:3      | Noticed a scorpion
  1963 | D:3      | HP: 6/25 [scorpion (1)]
  1964 | D:3      | HP: 1/25 [poisoned by a scorpion]
  1964 | D:3      | Slain by a scorpion

Vanquished Creatures
  3 adders (D:2)
  3 endoplasms
  3 giant cockroaches
  4 goblins
  4 hobgoblins
  4 jackals (D:2)
  7 kobolds
  2 quokkas (D:1)
  2 ball pythons
  3 bats
  4 frilled lizards
  3 rats
42 creatures vanquished.

Vanquished Creatures (others)
  6 plants (D:1)
6 creatures vanquished.

Grand Total: 48 creatures vanquished

Table legend:
 A = Non-vault XP
 B = Vault XP
 C = Vault XP percentage of total XP
 D = Non-vault monster count
 E = Vault monster count
 F = Vault count percentage of total count
                 A         B        C        D         E       F
            +---------+---------+-------+---------+---------+-------
      Total |     103 |       3 |   2.8 |      40 |       2 |   4.8
            +---------+---------+-------+---------+---------+-------
        D:1 |      29 |       0 |   0.0 |      17 |       0 |   0.0
        D:2 |      66 |       3 |   4.3 |      18 |       2 |  10.0
        D:3 |       8 |       0 |   0.0 |       5 |       0 |   0.0
            +---------+---------+-------+---------+---------+-------

Illustrated notes

Table legend:
 A = Kills in this place as a percentage of kills in entire the game.
 B = Kills by you in this place as a percentage of kills by you in the entire game.
 C = Kills by friends in this place as a percentage of kills by friends in the entire game.
 D = Other kills in this place as a percentage of other kills in the entire game.
 E = Experience gained in this place as a percentage of experience gained in the entire game.
 F = Experience gained in this place divided by the number of levels of this place that you have seen.
                   A       B       C       D       E      F
               +-------+-------+-------+-------+-------+----------------------
         Total | 100.0 | 100.0 |   N/A |   N/A | 100.0 |  35.3
       Dungeon | 100.0 | 100.0 |   N/A |   N/A | 100.0 |  35.3
               +-------+-------+-------+-------+-------+----------------------

Table legend: (Time is in decaauts)
 A = Elapsed time spent in this place.
 B = Non-inter-level travel time spent in this place.
 C = Inter-level travel time spent in this place.
 D = Time resting spent in this place.
 E = Time spent auto-exploring this place.
 F = Levels seen in this place.
 G = Mean time per level.
                   A        B        C        D        E       F      G
               +--------+--------+--------+--------+--------+-----+--------+
         Total |   2020 |   1888 |    132 |      0 |   1614 |   3 |  673.3 |
       Dungeon |   2020 |   1888 |    132 |      0 |   1614 |   3 |  673.3 |
               +--------+--------+--------+--------+--------+-----+--------+

Top non-repeatable levels by time:
     D:2: 1149 daAuts
     D:1: 509 daAuts
     D:3: 362 daAuts
